 Dungeon Crawl Stone Soup version 0.31-a0-1225-g50297eb6a4 (webtiles) character file.

Game seed: 11998832627810321834

8513 Dirtsage the Jinx (level 11, -1/75 HPs)
             Began as a Vampire Enchanter on Dec 14, 2023.
             Was a Priest of Wu Jian.
             Succumbed to a cane toad's poison
             ... on level 1 of the Lair of Beasts.
             The game lasted 00:25:24 (10477 turns).

Dirtsage the Jinx (Vampire Enchanter)              Turns: 10477, Time: 00:25:25

Health: -1/75      AC: 15    Str: 11    XL:     11   Next: 10%
Magic:  1/23       EV: 19    Int: 18    God:    Wu Jian [***...]
Gold:   498        SH:  0    Dex: 15    Spells: 7/20 levels left

rFire   . . .        I - +3 long sword (elec)
rCold   . . .        (no shield)
rNeg    . . .        D - +5 moon troll leather armour {Spirit, Regen++ MP+5}
rPois   .            (no helmet)
rElec   .            m - +1 cloak
rCorr   .            (no gloves)
SInv    +            s - +0 pair of boots
Will    +....        (no amulet)
Stlth   ++++         j - +4 ring of protection
HPRegen 2.12/turn    C - +5 ring of evasion
MPRegen 0.18/turn

%: guardian spirit
@: lethally poisoned (-1 -> -20), healing quickly
A: alive, fangs 3, see invisible, vampiric 2
a: Exsanguinate, Renounce Religion, Wall Jump, Serpent's Lash


You were on level 1 of the Lair of Beasts.
You worshipped Wu Jian.
Wu Jian was most pleased with you.
You visited 3 branches of the dungeon, and saw 14 of its levels.

You collected 712 gold pieces.
You spent 214 gold pieces at shops.

Inventory:

Hand Weapons
 a - a +1 dagger of protection
 I - a +3 long sword of electrocution (weapon)
Missiles
 z - a curare-tipped dart
Armour
 m - a +1 cloak (worn)
 s - a +0 pair of boots (worn)
 D - the +5 moon troll leather armour (worn) {Spirit, Regen++ MP+5}
   (You found it on level 6 of the Dungeon)

   MP+5:      It affects your magic capacity (+5).
   Regen++:   It increases your rate of health regeneration.
Magical Staves
 b - a staff of death
Jewellery
 j - a +4 ring of protection (left hand)
 p - a +6 ring of intelligence
 C - a +5 ring of evasion (right hand)
 E - a ring of fire
Wands
 q - a wand of paralysis (19)
 u - a wand of light (14)
 G - a wand of flame (34)
Scrolls
 e - 4 scrolls of poison
 i - a scroll of identify
 r - a scroll of amnesia {unknown}
 t - 4 scrolls of teleportation
 v - a scroll of fog
 B - 6 scrolls of blinking
 F - a scroll of enchant weapon
Potions
 c - a potion of invisibility
 d - a potion of might
 f - 3 potions of brilliance {unknown}
 g - 5 potions of lignification {unknown}
 h - 4 potions of mutation
 k - a potion of curing {unknown}
 l - 2 potions of heal wounds
 n - 2 potions of resistance
 o - 2 potions of ambrosia
 w - a potion of enlightenment
 A - 2 potions of degeneration
 H - 2 potions of haste {unknown}
 J - 2 potions of attraction


   Skills:
 - Level 3.5 Fighting
 - Level 8.5(10.7) Short Blades
 * Level 9.4(10.6) Long Blades
 - Level 6.4 Dodging
 - Level 9.7 Stealth
 - Level 5.3 Spellcasting
 - Level 10.4 Hexes


You had 7 spell levels left.
You knew the following spells:

 Your Spells              Type           Power      Damage    Failure   Level
a - Ensorcelled Hibernat  Hex/Ice        46%        N/A       3%          2
b - Confusing Touch       Hex            42%        N/A       1%          3
c - Tukima's Dance        Hex            42%        N/A       1%          3
d - Dazzling Flash        Conj/Hex       46%        N/A       6%          3
e - Jinxbite              Hex            84%        N/A       1%          2

Your spell library contained the following spells:

 Spells                   Type           Power      Damage    Failure   Level
 Apportation              Tloc           8%         N/A       17%         1
 Magic Dart               Conj           16%        1d3       17%         1
 Blink                    Tloc           8%         N/A       26%         2
 Call Imp                 Summ           8%         N/A       26%         2
 Lesser Beckoning         Tloc           8%         N/A       26%         2
 Momentum Strike          Conj/Tloc      8%         3d8       26%         2
 Mephitic Cloud           Conj/Pois/Air  4%         N/A       45%         3
 Silence                  Hex/Air        11%        N/A       50%         5
 Summon Mana Viper        Hex/Summ       23%        N/A       50%         5
 Summon Ice Beast         Ice/Summ       4%         N/A       86%         4
 Agony                    Necr           4%         N/A       99%         5
 Alistair's Intoxication  Tmut/Pois      2%         N/A       99%         5
 Borgnjor's Vile Clutch   Necr/Erth      2%         N/A       99%         5
 Conjure Ball Lightning   Conj/Air       2%         3x3d6     100%        6
 Eringya's Noxious Bog    Tmut/Pois      2%         4d6       100%        6
 Simulacrum               Ice/Necr       2%         N/A       100%        6
 Monstrous Menagerie      Summ           2%         N/A       100%        7
 Ozocubu's Refrigeration  Ice            2%         4d7       100%        7
 Discord                  Hex            21%        N/A       100%        8
 Disjunction              Tloc           2%         N/A       100%        8
 Polar Vortex             Ice            2%         N/A       100%        9


Dungeon Overview and Level Annotations

Branches:
Dungeon (12/15)            Temple (1/1) D:7            Lair (1/5) D:8
    Orc (0/2) D:11

Altars:
Ashenzari
Cheibriados
Dithmenos
Fedhas
Gozag
Hepliaklqana
Kikubaaqudgha
Makhleb
Nemelex Xobeh
Okawaru
Qazlal
Ru
Sif Muna
Trog
Uskayaw
Vehumet
Wu Jian
Xom
Yredelemnul

Shops:
D:7 ?   D:10 :


Innate Abilities, Weirdness & Mutations

Your natural rate of healing is accelerated.
You have razor-sharp teeth.
You have supernaturally acute eyesight. (SInv)
You are afflicted with vampirism and can become a bat while bloodless.


Message History

Aim: a komodo dragon (chance to affect: 37%)
The komodo dragon resists with some effort.
You feel very sick.
A wolf comes into view.
The cane toad stings you but does no damage.
The komodo dragon bites you!!
You take 18 damage, and have 54/75 hp.
MASSIVE DAMAGE!!
You now have 7/23 mp.
Casting: Ensorcelled Hibernation (safe; 3% risk of failure)
Confirm with . or Enter, or press ? or * to list all spells.
Aiming: Ensorcelled Hibernation (safe; 3% risk of failure)
Press: ? - help, Shift-Dir - straight line, f/p - komodo dragon
Aim: a komodo dragon (chance to affect: 37%)
The komodo dragon resists with some effort.
You feel very sick. The cane toad stings you.
You are more poisoned.
The cane toad poisons you! The komodo dragon bites you!!
You take 24 damage, and have 30/75 hp.
MASSIVE DAMAGE!!
You now have 3/23 mp.
You spin and attack the komodo dragon.
You hit the komodo dragon. Your punch misses the komodo dragon.
The komodo dragon is lightly wounded.
You feel extremely sick.
The komodo dragon hisses menacingly.
The komodo dragon bites you!
* * * LOW HITPOINT WARNING * * *
You take 11 damage, and have 19/75 hp.
You now have 2/23 mp.
A wolf comes into view.
You spin and attack the komodo dragon.
The wolf howls!
You hit the komodo dragon but do no damage.
The komodo dragon is lightly wounded.
You feel very sick.
You hear a bellow!
A wolf comes into view.
The cane toad stings you!
* * * LOW HITPOINT WARNING * * *
You are more poisoned.
The cane toad poisons you!
You take 13 damage, and have 6/75 hp.
You now have 1/23 mp.
You die...

#. !##..h..##...##...
#.##.....##.#........
####....♣h..##....†..#..
#.....#.h.###...##......
#.....##.#...........#.#
#.....lF...#......#..#
#....F.#:.#..#....#...).
#....l.##...<.....#.>...
#....##.@..........#.....
#...# #####........#..##.
#... ................ .
### .#...#####......
#.... ....#. #...# ....#
#... ...S. #.. ...


You could see 2 komodo dragons and a cane toad.

Vanquished Creatures
  A boulder beetle (D:11)
  A two-headed ogre (D:10)
  2 cyclopes
  A cane toad (Lair:1)
  An unseen horror (D:8)
  Psyche (D:11)
  2 trolls
  7 yaks
  A wraith (D:10)
  4 steam dragons (D:8)
  Menkaure (D:5)
  4 water moccasins
  Edmund (D:5)
  An acid dragon (D:10)
  A black bear (D:4)
  3 orc warriors
  2 sky beasts
  A phantom (D:5)
  2 kobold brigands
  4 bullfrogs
  2 gnoll sergeants
  A scorpion (D:4)
  7 wights
  8 killer bees
  3 howler monkeys
  3 electric eels (D:10)
  2 bullfrog zombies (D:6)
  3 jellies
  3 hounds
  An orc priest (D:11)
  A sleepcap (D:7)
  Crazy Yiuf (D:2)
  6 orc wizards
  Ijyb (D:3)
  2 iguanas (D:7)
  9 gnolls
  3 adders
  A shadow imp (D:5)
  2 white imps
  2 ufetubi (D:5)
  2 worms
  3 dart slugs
  22 orcs
  3 endoplasms
  3 giant cockroaches
  7 goblins
  9 hobgoblins
  3 jackals (D:3)
  A quokka (D:5)
  9 ball pythons
  5 bats
  3 frilled lizards
  11 kobolds
  5 rats
188 creatures vanquished.

Vanquished Creatures (others)
  An orc wizard (D:7)
1 creature vanquished.

Grand Total: 189 creatures vanquished

Notes
Turn   | Place    | Note
-------+----------+-------------------------------------------
     0 | D:1      | Dirtsage the Vampire Enchanter began the quest for the Orb.
     0 | D:1      | Reached XP level 1. HP: 13/13 MP: 3/3
   283 | D:1      | Reached XP level 2. HP: 13/19 MP: 5/5
   286 | D:1      | Learned a level 2 spell: Ensorcelled Hibernation
   470 | D:1      | Found a faded altar of an unknown god.
  1054 | D:2      | Gained mutation: You are afflicted with vampirism and can
                  | become a bat while bloodless. [Vampire growth]
  1054 | D:2      | Reached XP level 3. HP: 24/24 MP: 6/6
  1147 | D:2      | Found a burning altar of Makhleb.
  1209 | D:2      | Reached skill level 5 in Stealth
  1209 | D:2      | Reached skill level 5 in Hexes
  1250 | D:2      | Found a runed translucent door.
  1251 | D:2      | Noticed Crazy Yiuf
  1258 | D:2      | Killed Crazy Yiuf
  1259 | D:2      | Reached XP level 4. HP: 30/30 MP: 7/7
  1584 | D:3      | Found a blossoming altar of Fedhas.
  1793 | D:3      | Noticed Ijyb
  1800 | D:3      | Killed Ijyb
  1879 | D:3      | You fall into a shaft and drop 2 floors!
  1879 | D:5      | Entered Level 5 of the Dungeon
  1917 | D:5      | Found a sacrificial altar of Ru.
  1955 | D:5      | Noticed a gnoll sergeant
  2016 | D:5      | Noticed Edmund
  2025 | D:5      | Killed Edmund
  2026 | D:5      | Reached skill level 6 in Hexes
  2026 | D:5      | Reached XP level 5. HP: 27/35 MP: 5/9
  2073 | D:5      | Noticed a phantom
  2089 | D:5      | HP: 1/35 [phantom (3)]
  2104 | D:5      | HP: 1/35 [phantom (2)]
  2140 | D:5      | Killed a phantom
  2141 | D:5      | Reached XP level 6. HP: 20/41 MP: 10/10
  2504 | D:3      | Found an ornate altar of the Wu Jian Council.
  2575 | D:3      | Became a worshipper of the Wu Jian Council
  3274 | D:4      | Learned a level 3 spell: Confusing Touch
  3278 | D:4      | Learned a level 3 spell: Tukima's Dance
  3459 | D:4      | Reached skill level 7 in Hexes
  3459 | D:4      | Reached XP level 7. HP: 46/46 MP: 6/11
  3731 | D:5      | Noticed Menkaure
  3743 | D:5      | Killed Menkaure
  3744 | D:5      | Reached skill level 5 in Short Blades
  3754 | D:5      | Reached skill level 8 in Hexes
  3902 | D:5      | Reached * piety under Wu Jian
  4309 | D:6      | Learned a level 3 spell: Dazzling Flash
  4329 | D:6      | Reached XP level 8. HP: 52/52 MP: 13/13
  4473 | D:6      | Found the +5 moon troll leather armour {Spirit, Regen++
                  | MP+5}
  4658 | D:6      | Found a basalt altar of Yredelemnul.
  4967 | D:7      | Reached skill level 1 in Fighting
  4967 | D:7      | Reached skill level 5 in Dodging
  4967 | D:7      | Reached skill level 9 in Hexes
  5087 | D:7      | Learned a level 2 spell: Jinxbite
  5331 | D:7      | Found Ibrouneu's Magic Scroll Shop.
  5337 | D:7      | Bought a scroll of teleportation for 39 gold pieces
  5337 | D:7      | Bought a scroll of blinking for 97 gold pieces
  5337 | D:7      | Bought a scroll of identify for 26 gold pieces
  5337 | D:7      | Bought a scroll of poison for 52 gold pieces
  5459 | D:7      | Reached XP level 9. HP: 54/54 MP: 15/15
  5536 | D:7      | Found a staircase to the Ecumenical Temple.
  5607 | Temple   | Entered the Ecumenical Temple
  5962 | D:8      | Found a hazy altar of Hepliaklqana.
  6167 | D:8      | Reached ** piety under Wu Jian
  6609 | D:8      | Found a staircase to the Lair.
  6782 | D:8      | Found an iron altar of Okawaru.
  6968 | D:8      | Noticed a cyclops
  6973 | D:8      | Noticed an unseen horror
  6999 | D:8      | Killed an unseen horror
  7000 | D:8      | Reached skill level 5 in Spellcasting
  7000 | D:8      | Reached skill level 10 in Hexes
  7028 | D:8      | Killed a cyclops
  7503 | D:9      | Reached XP level 10. HP: 70/70 MP: 17/17
  7709 | D:9      | Reached skill level 1 in Long Blades
  7781 | D:9      | Found a sparkling altar of Nemelex Xobeh.
  8233 | D:10     | Entered Level 10 of the Dungeon
  8628 | D:10     | Found Vogunk's Book Shop.
  8912 | D:10     | Noticed a two-headed ogre
  8932 | D:10     | Killed a two-headed ogre
  8933 | D:10     | Reached skill level 5 in Long Blades
  9323 | D:10     | Reached *** piety under Wu Jian
  9733 | D:11     | Noticed a cyclops
  9747 | D:11     | Killed a cyclops
  9811 | D:11     | Found a staircase to the Orcish Mines.
  9812 | D:11     | Noticed Psyche
  9815 | D:11     | Noticed a boulder beetle
  9827 | D:11     | Killed Psyche
  9866 | D:11     | Killed a boulder beetle
  9942 | D:11     | Reached XP level 11. HP: 75/75 MP: 18/18
 10309 | D:12     | Noticed a skeletal warrior
 10440 | Lair:1   | Entered Level 1 of the Lair of Beasts
 10477 | Lair:1   | Succumbed to a cane toad's poison

Illustrated notes

Levels and vault maps discovered:
D:1:      sevenhm_arrival_forest_fort_small_3, layout_basic,
          shapermc_ecumenical_altar_notcrosses, amcnicky_mini_corridor_feature
D:2:      layout_rooms, basic_altar, hangedman_decor_lopped,
          uniq_crazy_yiuf_cottage
D:3:      layout_loops_corners, mainiacjoe_overflow_catwalk,
          mainiacjoe_overflow_alcove_4, minivault_4, uniq_ijyb
D:4:      layout_rooms
D:5:      wad_pebble_path, layout_cave_pools, hangedman_ru_absence,
          uniq_menkaure, uniq_edmund
D:6:      nicolae_cairo_tiling, layout_rooms, lemuel_zombie_altar_yredelemnul
D:7:      layout_basic, minmay_temple_entry_enclosed_plants, serial_shops,
          nicolae_shop_pleasant_corner_grove, minmay_fractal_squares_5
D:8:      minmay_slanted_spiral_squares, layout_basic,
          mainiacjoe_overflow_paths, okawaru_altar_gauntlet_db
D:9:      layout_irregular_city, mainiacjoe_overflow_cross_hatched
D:10:     layout_basic, serial_shops, shop
D:11:     layout_basic, orc_0_dummy, serial_bayou_pond_e, uniq_psyche
D:12:     layout_big_octagon
Temple:   regret_index_temple_generic_petals
Lair:1:   layout_misc_corridors, ebering_ghost_xom, grunt_megastairs_4,
          lemuel_fruit_tree, uniq_nergalle

Skill      XL: |  1  2  3  4  5  6  7  8  9 10 11 |
---------------+----------------------------------+-----
Short Blades   | 2 3 4 5 6 8 |  8.5
Stealth        | 5 6 7 8 9 |  9.7
Hexes          | 5 6 7 8 9 10 | 10.4
Dodging        | 3 4 5 6 |  6.4
Spellcasting   | 3 4 5 |  5.3
Fighting       | 1 3 |  3.5
Long Blades    | 8 9 |  9.4

Action                     |  1- 3 |  4- 6 |  7- 9 | 10-12 || total
---------------------------+-------+-------+-------+-------++-------
  Melee: Dagger            |   122 |   240 |   337 |   106 ||   805
         Bite              |    12 |    27 |    43 |    19 ||   101
         Punch             |       |     1 |     7 |     1 ||     9
         Long sword        |       |       |       |    75 ||    75
         Unarmed           |       |       |       |    41 ||    41
   Cast: Ensorcelled Hiber |     2 |     6 |    53 |    32 ||    93
         Confusing Touch   |       |       |     6 |     5 ||    11
         Jinxbite          |       |       |     4 |     1 ||     5
         Tukima's Dance    |       |       |       |     4 ||     4
Ability: Lunge             |       |     2 |    31 |    24 ||    57
         Whirlwind         |       |       |    37 |     3 ||    40
         Exsanguinate      |       |       |     1 |       ||     1
         Revivify          |       |       |     1 |       ||     1
  Evoke: Wand              |       |     1 |       |       ||     1
    Use: Potion            |       |     1 |       |     1 ||     2
         Scroll            |       |       |     5 |    11 ||    16
   Stab: Sleeping          |     7 |    12 |    38 |    18 ||    75
         Distracted        |     1 |     1 |       |       ||     2
         Invisible         |       |     2 |       |     2 ||     4
         Paralysed         |       |     1 |       |       ||     1
         Confused          |       |       |     7 |    19 ||    26
 Armour: Robe              |    61 |    13 |       |       ||    74
         Leather armour    |       |   171 |    22 |       ||   193
         Troll leather arm |       |       |    97 |    47 ||   144
         Skin              |       |       |       |     5 ||     5
  Dodge: Dodged            |    80 |   216 |   139 |   112 ||   547

Table legend: (Time is in decaauts)
 A = Elapsed time spent in this place.
 B = Non-inter-level travel time spent in this place.
 C = Inter-level travel time spent in this place.
 D = Time resting spent in this place.
 E = Time spent auto-exploring this place.
 F = Levels seen in this place.
 G = Mean time per level.
                   A        B        C        D        E       F      G
               +--------+--------+--------+--------+--------+-----+--------+
         Total |  10293 |   9745 |    548 |    161 |   7629 |  14 |  735.2 |
       Dungeon |  10253 |   9706 |    547 |    161 |   7629 |  12 |  854.4 |
        Temple |      3 |      3 |      0 |      0 |      0 |   1 |    3.0 |
          Lair |     35 |     35 |      0 |      0 |      0 |   1 |   35.0 |
               +--------+--------+--------+--------+--------+-----+--------+

Top non-repeatable levels by time:
     D:8: 1467 daAuts
    D:10: 1347 daAuts
     D:3: 1295 daAuts
     D:7: 1053 daAuts
     D:5: 982 daAuts
     D:1: 931 daAuts
     D:9: 840 daAuts
    D:11: 738 daAuts
     D:6: 615 daAuts
     D:2: 507 daAuts
     D:4: 472 daAuts
  Lair:1: 35 daAuts
  Temple: 3 daAuts
    D:12: 1 daAuts
